 Dungeon Crawl Stone Soup version 0.31-a0-986-g5e6e4ef867 (webtiles) character file.

Game seed: 5143679657243213946

5572 bmb222 the Carver (level 11, -2/89 HPs)
             Began as a Formicid Shapeshifter on Nov 24, 2023.
             Was a Follower of Qazlal.
             Slain by a troll (14 damage)
             ... on level 8 of the Dungeon.
             The game lasted 00:16:15 (14267 turns).

bmb222 the Carver (Formicid Shapeshifter)          Turns: 14267, Time: 00:16:16

Health: -2/89      AC: 17    Str: 22    XL:     11   Next: 2%
Magic:  12/12      EV: 10    Int: 11    God:    Qazlal [*.....]
Gold:   461        SH:  0    Dex: 13    Spells: 10/10 levels left

rFire   . . .        K - +1 scimitar (flame)
rCold   . . .        (no shield)
rNeg    + . .        x - +0 chain mail
rPois   .            (helmet unavailable)
rElec   .            u - scarf {shadows}
rCorr   .            l - +1 pair of gloves
SInv    +            (no boots)
Will    +....        i - amulet of the acrobat Stlth
                     G - +4 ring of protection
HPRegen 0.34/turn    M - ring of positive energy
MPRegen 0.13/turn

%: acrobat
@: confused, brilliant, lethally poisoned (-2 -> -4), ambrosia-drunk, invisible
A: permanent stasis, dig shafts and tunnels, antennae 3, four strong arms
a: Dig, Shaft Self, Renounce Religion


You were on level 8 of the Dungeon.
You worshipped Qazlal.
Qazlal was aware of your devotion.
You visited 2 branches of the dungeon, and saw 10 of its levels.
You also visited: Bailey.

You collected 461 gold pieces.

Inventory:

Hand Weapons
 z - a +2 long sword of holy wrath
 E - a +1 great sword of freezing
 J - a +0 long sword
 K - a +1 scimitar of flaming (weapon)
Armour
 a - a +0 animal skin
 f - a +0 ring mail
 l - a +1 pair of gloves (worn)
 u - a scarf of shadows (worn)
 v - a +0 scale mail
 x - a +0 chain mail (worn)
 L - a +0 plate armour
Jewellery
 i - an amulet of the acrobat (around neck)
 t - an amulet of faith
 A - a ring of magical power
 G - a +4 ring of protection (left hand)
 M - a ring of positive energy (right hand)
Talismans
 c - a beast talisman
 d - a flux talisman
Wands
 h - a wand of mindburst (11)
 y - a wand of flame (15)
 B - a wand of acid (14)
 D - a wand of digging (3)
Scrolls
 k - a scroll of teleportation
 n - 3 scrolls of identify
 w - 2 scrolls of silence
 F - a scroll of fog {unknown}
Potions
 b - a potion of lignification
 e - a potion of attraction {unknown}
 g - a potion of haste
 j - 3 potions of heal wounds {unknown}
 m - 2 potions of invisibility
 o - 4 potions of mutation
 p - 2 potions of degeneration
 q - a potion of ambrosia
 r - a potion of brilliance
 s - 2 potions of berserk rage {unknown}
 C - a potion of might {unknown}
 H - a potion of cancellation {unknown}
 I - a potion of resistance {unknown}


   Skills:
 - Level 9.5 Fighting
 * Level 11.5 Long Blades
 * Level 9.5 Armour
 + Level 3.3 Dodging
 - Level 3.0 Unarmed Combat
 * Level 2.2 Invocations
 - Level 3.2 Shapeshifting


You had 10 spell levels left.
You didn't know any spells.
Your spell library contained the following spells:

 Spells                   Type           Power      Damage    Failure   Level
 Apportation              Tloc           0%         N/A       86%         1
 Necrotise                Necr           0%         1d4       86%         1
 Summon Small Mammal      Summ           0%         N/A       86%         1
 Call Canine Familiar     Summ           0%         N/A       99%         3
 Inner Flame              Hex/Fire       0%         N/A       99%         3
 Sigil of Binding         Hex            0%         N/A       99%         3
 Summon Guardian Golem    Hex/Summ       0%         N/A       99%         3
 Animate Dead             Necr           0%         N/A       100%        4
 Dimensional Bullseye     Hex/Tloc       0%         N/A       100%        4
 Flame Wave               Conj/Fire      0%         2d4       100%        4
 Leda's Liquefaction      Hex/Erth       0%         N/A       100%        4
 Sticky Flame             Conj/Fire      0%         2d3       100%        4
 Iskenderun's Battlesphe  Conj           0%         2d6       100%        5
 Bombard                  Conj/Erth      0%         9d1       100%        6
 Haunt                    Necr/Summ      0%         N/A       100%        7
 Orb of Destruction       Conj           0%         9d5       100%        7
 Spellforged Servitor     Conj/Summ      0%         N/A       100%        7
 Infestation              Necr           0%         N/A       100%        8


Dungeon Overview and Level Annotations

Branches:
Dungeon (9/15)             Temple (1/1) D:7          Bailey (visited)
   Lair: D:8-11         Orc: D:9-12

Altars:
Ashenzari
Cheibriados
Dithmenos
Elyvilon
Fedhas
Gozag
Hepliaklqana
Kikubaaqudgha
Makhleb
Nemelex Xobeh
Okawaru
Qazlal
Ru
Trog
Vehumet
Wu Jian
Xom
Yredelemnul
Zin
The Shining One
Ignis

Annotations:
D:8 3 runed translucent doors, mandarbmax's ghost, novice DESu


Innate Abilities, Weirdness & Mutations

You cannot be hasted, slowed, berserked, paralysed or teleported.
You can dig through walls and to a lower floor.
You have a pair of large antennae on your head. (SInv)
Your four strong arms can wield two-handed weapons with a shield.


Message History

The killer bee stings you but does no damage.
The killer bee stings you.
You are poisoned.
The killer bee poisons you!
You miss the killer bee.
The killer bee is severely wounded.
You feel sick.
The killer bee stings you but does no damage.
The troll closely misses you. The troll claws you but does no damage.
The troll claws you!
You closely miss the killer bee.
The killer bee is severely wounded.
You feel sick. The killer bee stings you.
The troll bites you but does no damage. You block the troll's attack. x2
The killer bee closely misses you.
You miss the killer bee.
The killer bee is severely wounded.
You feel sick. The killer bee misses you. The troll bites you!
* * * LOW HITPOINT WARNING * * *
You block the troll's attack. The troll barely misses you.
The killer bee stings you.
* * * LOW HITPOINT WARNING * * *
You fade into invisibility!
You feel sick. The killer bee barely misses you. You block the troll's attack.
The troll closely misses you. The troll claws you.
* * * LOW HITPOINT WARNING * * *
The killer bee barely misses you.
You feel sick. The killer bee completely misses you.
It was a potion of ambrosia.
You are confused.
You feel invigorated.
You feel sick. The killer bee closely misses you.
The troll bites you but does no damage. The troll misses you.
The troll claws you but does no damage.
The killer bee stings you but does no damage.
It was a potion of brilliance.
You feel clever all of a sudden.
You feel sick.
The killer bee stings you but does no damage.
The troll bites you!
You die...

.........)))...#)..........#.....
......##...#..##...........#(...(
...#.......................+..(..
..###.......######.........+....(
##....#......###...........+.(...
#....##......<..........#..#{..(.
##...##......#....#....##..#♣..(.
##..........#..T<#.#..##..######
##.)..#.......@y..#...#.#.##...
##...#......#.....).##.####...
##.###..........>......#.....
####.......#..().........#..
#......##........##...#..
###...###.......####.###.
#####.....###.#....# #...###
###..#.......####...## ##..#
#...........## ##### ####


You could see a troll (unable to see you) and a killer bee (unable to see you).

Vanquished Creatures
  Erica (D:8)
  Maggie (D:8)
  Grinder (D:6)
  A hornet (D:8)
  A wyvern (D:8)
  6 yaks (D:8)
  An acid dragon (D:6)
  2 orc warriors
  An ice beast (D:6)
  2 black bears
  A sky beast (D:7)
  2 ogres
  A phantom (D:7)
  2 centaurs
  A kobold brigand (D:8)
  A bullfrog (D:8)
  3 scorpions
  5 wights
  3 killer bees
  A howler monkey (D:5)
  2 hounds (D:5)
  A jelly (D:6)
  3 gnoll boudas
  11 orc priests
  3 iguanas
  8 orc wizards
  A hound skeleton (D:2)
  22 gnolls
  13 adders
  2 shadow imps (D:7)
  A white imp (D:6)
  An adder zombie (D:2)
  5 dart slugs
  37 orcs
  7 bats
  A bat skeleton (D:2)
  6 endoplasms
  2 giant cockroaches
  6 hobgoblins
  9 kobolds
  2 quokkas
  8 ball pythons
  A ball python skeleton (D:2)
  7 frilled lizards
  10 goblins
  9 rats
215 creatures vanquished.

Notes
Turn   | Place    | Note
-------+----------+-------------------------------------------
     0 | D:1      | bmb222 the Formicid Shapeshifter began the quest for the
                  | Orb.
     0 | D:1      | Reached XP level 1. HP: 15/15 MP: 1/1
   130 | D:1      | Reached skill level 1 in Armour
   161 | D:1      | Reached XP level 2. HP: 21/21 MP: 2/2
   475 | D:1      | Reached XP level 3. HP: 24/26 MP: 3/3
  1138 | D:2      | Reached XP level 4. HP: 32/32 MP: 4/4
  1906 | D:3      | Reached XP level 5. HP: 37/37 MP: 5/5
  2364 | D:3      | Found a faded altar of an unknown god.
  2511 | D:4      | Reached skill level 1 in Long Blades
  2511 | D:4      | Reached XP level 6. HP: 8/46 MP: 6/6
  2809 | D:4      | Noticed an ogre
  2904 | D:3      | Reached skill level 8 in Long Blades
  2904 | D:3      | Reached XP level 7. HP: 64/64 MP: 7/7
  4477 | D:4      | Found a sacrificial altar of Ru.
  5159 | D:5      | Entered Level 5 of the Dungeon
  5171 | D:5      | Reached XP level 8. HP: 68/71 MP: 8/8
  5272 | D:5      | Found the +3 hat of Pondering {ponderous, Will+ MP+10
                  | Int+5}
  5901 | D:5      | Reached skill level 9 in Long Blades
  6578 | D:5      | Found an iron altar of Okawaru.
  6653 | D:6      | Noticed Grinder
  6662 | D:6      | Killed Grinder
  6663 | D:6      | Reached XP level 9. HP: 77/77 MP: 9/9
  6680 | D:6      | Identified the +0 leather armour of the Nightingale {Contam
                  | rElec rF+ rN+++}
  6962 | D:6      | Found a hazy altar of Hepliaklqana.
  6963 | D:6      | Found a burning altar of Makhleb.
  6964 | D:6      | Found a glowing silver altar of Zin.
  6964 | D:6      | Found a basalt altar of Yredelemnul.
  8554 | D:6      | Reached skill level 10 in Long Blades
  8633 | D:7      | Found a snail-covered altar of Cheibriados.
 10112 | D:7      | Found a staircase to the Ecumenical Temple.
 10173 | Temple   | Entered the Ecumenical Temple
 10183 | Temple   | Became a worshipper of Qazlal Stormbringer
 10475 | D:8      | Noticed Maggie
 10573 | D:8      | Reached XP level 10. HP: 49/83 MP: 10/10
 10660 | D:8      | Noticed Erica
 10687 | D:8      | Killed Erica
 10687 | D:8      | HP: 3/83 [poisoned by Erica (bolt of poison)]
 10688 | D:8      | Reached skill level 1 in Invocations
 11065 | D:8      | Found a shadowy altar of Dithmenos.
 11091 | D:8      | Found a flagged portal.
 11115 | Bailey   | Entered a bailey
 11605 | Bailey   | Found a large runed translucent door.
 11605 | Bailey   | Found a large runed translucent door.
 11606 | Bailey   | Noticed an orc knight
 11606 | Bailey   | Noticed a deep elf zephyrmancer
 11634 | Bailey   | HP: 4/83 [orc warrior/+0 trident (6)]
 11638 | Bailey   | HP: 1/83 [orc warrior/+0 glaive (10)]
 11807 | D:8      | Killed Maggie
 11808 | D:8      | Reached skill level 11 in Long Blades
 12193 | D:8      | Found a runed translucent gate.
 12194 | D:8      | Found a runed translucent gate.
 12195 | D:8      | Found a runed translucent gate.
 12197 | D:8      | Noticed mandarbmax's ghost (novice DESu)
 12239 | D:8      | Reached * piety under Qazlal
 13726 | D:8      | Reached XP level 11. HP: 84/89 MP: 12/12
 14267 | D:8      | Slain by a troll

Illustrated notes

Levels and vault maps discovered:
D:1:      onia_arrival_mini_maze, layout_rooms, minmay_tromino_mix6
D:2:      layout_rooms, serial_undead, serial_undead_a, serial_undead_b,
          serial_undead_a, serial_undead_c, serial_undead_c, serial_undead_e,
          serial_undead_c, serial_undead_d
D:3:      layout_basic, dilly_ecumenical_altar_fadedgnrine
D:4:      layout_cave_pods, nicolae_ru_great_annihilating_truth
D:5:      layout_cave_pods, mainiacjoe_overflow_alcove_1
D:6:      layout_basic, chequers_temple_overflow_statue_of_worship, uniq_grinder
D:7:      layout_cave_pools, cheibriados_altar_1, minmay_temple_entry_ruins
D:8:      layout_cave_pools, lemuel_doored_altar, ebering_ghost_rock_garden,
          enter_bailey_3, uniq_maggie, uniq_erica
D:9:      layout_basic, kennysheep_mini_moat, erik_orc_4
Temple:   pdpol_scorched_temple

Skill      XL: |  1  2  3  4  5  6  7  8  9 10 |
---------------+-------------------------------+-----
Armour         | 1 2 3 4 7 8 9 |  9.5
Dodging        | 2 3 |  3.3
Fighting       | 2 9 |  9.5
Long Blades    | 1 8 9 10 11 | 11.5
Invocations    | 2 |  2.2
Unarmed Combat | |  3.0
Shapeshifting  | |  3.2

Action                     |  1- 3 |  4- 6 |  7- 9 | 10-12 || total
---------------------------+-------+-------+-------+-------++-------
  Melee: Unarmed           |    72 |   106 |       |       ||   178
         Punch             |     1 |     4 |    12 |     3 ||    20
         Long sword        |       |    28 |   363 |    22 ||   413
         Great sword       |       |       |    20 |       ||    20
         Scimitar          |       |       |       |   212 ||   212
  Evoke: Wand              |       |       |       |     2 ||     2
    Use: Scroll            |       |     8 |     4 |     2 ||    14
         Potion            |       |     1 |       |     8 ||     9
   Stab: Paralysed         |       |       |     1 |       ||     1
 Armour: Animal skin       |     7 |       |       |       ||     7
         Ring mail         |    37 |    27 |       |       ||    64
         Scale mail        |       |    51 |     6 |       ||    57
         Chain mail        |       |       |   309 |   255 ||   564
  Dodge: Dodged            |    45 |    99 |   231 |   246 ||   621
  Block: Other             |       |       |       |     7 ||     7
         Form:             |       |       |     1 |       ||     1
         Beast             |       |       |     1 |       ||     1

Table legend: (Time is in decaauts)
 A = Elapsed time spent in this place.
 B = Non-inter-level travel time spent in this place.
 C = Inter-level travel time spent in this place.
 D = Time resting spent in this place.
 E = Time spent auto-exploring this place.
 F = Levels seen in this place.
 G = Mean time per level.
                   A        B        C        D        E       F      G
               +--------+--------+--------+--------+--------+-----+--------+
         Total |  14241 |  13674 |    567 |   6951 |   4349 |  11 | 1294.6 |
       Dungeon |  13695 |  13128 |    567 |   6506 |   4349 |   9 | 1521.7 |
        Temple |     20 |     20 |      0 |      0 |      0 |   1 |   20.0 |
        Bailey |    525 |    525 |      0 |    445 |      0 |   1 |  525.0 |
               +--------+--------+--------+--------+--------+-----+--------+

Top non-repeatable levels by time:
     D:6: 2773 daAuts
     D:8: 2559 daAuts
     D:3: 2163 daAuts
     D:5: 1559 daAuts
     D:4: 1451 daAuts
     D:7: 1286 daAuts
     D:2: 1026 daAuts
     D:1: 746 daAuts
  Bailey: 525 daAuts
     D:9: 130 daAuts
  Temple: 20 daAuts
